 Dungeon Crawl Stone Soup version 0.25.1-2-g60ff931df9 (webtiles) character file.

Game seed: 5717358047837304194

98 sankara the Ruffian (level 4, -3/40 HPs)
             Began as a Ghoul Monk on Sept 4, 2020.
             Slain by a crocodile (7 damage)
             ... in a sewer.
             The game lasted 00:04:53 (2573 turns).

sankara the Ruffian (Ghoul Monk)                    Turns: 2573, Time: 00:04:54

Health: -3/40      AC:  5    Str: 14    XL:     4   Next: 71%
Magic:  3/3        EV: 11    Int:  6    God:
Gold:   128        SH:  0    Dex: 11    Spells: 3/3 levels left

rFire    . . .     SeeInvis .     - Unarmed
rCold    + . .     Gourm    .   (no shield)
rNeg     + + +     Faith    .   j - +0 ring mail
rPois    ∞         Spirit   .   (no helmet)
rElec    .         Reflect  .   (no cloak)
rCorr    .         Harm     .   (no gloves)
MR       .....                  (no boots)
Stlth    +.........             (no amulet)
HPRegen  0.00/turn              (no ring)
MPRegen  0.08/turn              (no ring)

@: brilliant, flying, rotting
A: rotting body, claws 1, carnivore, cold resistance 1, negative energy
resistance 3, inhibited regeneration, torment resistance, unbreathing
a: no special abilities


You were in a sewer.
You were not hungry.

You visited 1 branch of the dungeon, and saw 3 of its levels.
You also visited: Sewer.

You collected 128 gold pieces.

Inventory:

Hand Weapons
 k - a +0 hunting sling
Missiles
 d - 148 stones (quivered)
 m - 5 javelins
Armour
 j - a +0 ring mail (worn)
 l - a +0 scale mail
Scrolls
 a - 2 scrolls of immolation {unknown}
 c - 2 scrolls of remove curse {unknown}
 e - 4 scrolls of enchant weapon {unknown}
 f - a scroll of enchant armour {unknown}
 g - a scroll of teleportation {unknown}
 h - a scroll of amnesia {unknown}
 n - a scroll of magic mapping {unknown}
 o - a scroll of random uselessness {unknown}
 r - 3 scrolls of identify {unknown}
 u - a scroll of fear {unknown}
Comestibles
 b - 3 rations


   Skills:
 + Level 4.0 Fighting
 + Level 1.1 Armour
 + Level 3.2 Dodging
 - Level 2.1 Stealth
 * Level 4.5 Unarmed Combat


You had 3 spell levels left.
You didn't know any spells.
Your spell library was empty.

Dungeon Overview and Level Annotations

Branches:
Dungeon (3/15)              Sewer (1/1)

Altars:
Nemelex Xobeh

Annotations:
D:3 Sigmund


Innate Abilities, Weirdness & Mutations

Your body is rotting away.
You thrive on raw meat.
You are immune to poison.
You have sharp fingernails.
You are carnivorous and can eat meat at any time.
Your flesh is cold resistant. (rC+)
You are immune to negative energy. (rN+++)
You do not regenerate when monsters are visible.
You are immune to unholy pain and torment.
You can survive without breathing.


Message History

* * * LOW HITPOINT WARNING * * *
Eat one of 3 chunks of flesh? (ye/n/q)
You eat one of the 3 chunks of flesh.
This raw flesh tastes great!
The crocodile bites you!
* * * LOW HITPOINT WARNING * * *
Eat one of 2 chunks of flesh? (ye/n/q)
You eat one of the 2 chunks of flesh.
This raw flesh tastes great!
The crocodile bites you!
* * * LOW HITPOINT WARNING * * *
Eat a chunk of flesh? (ye/n/q)
You eat the chunk of flesh.
This raw flesh tastes great!
The crocodile closely misses you.
Okay, then.
You scratch the crocodile.
The crocodile is moderately wounded.
The crocodile closely misses you.
You scratch the crocodile.
The crocodile is heavily wounded.
The crocodile bites you!
You die...

## ## $$#.
≈#≈# #.≈≈
##≈≈≈##
#.≈..≈#
#....t##
#.@.#
##≈.##
#≈≈.#
##≈.# #≈.#
#.. #..#
#..# ##.≈#
#.≈. #≈≈.#
#..###≈≈##


You could see a crocodile.

Vanquished Creatures
  3 gnolls (D:2)
  An adder (D:2)
  A dart slug (D:2)
  A leopard gecko (D:1)
  6 giant cockroaches
  6 goblins
  6 hobgoblins
  9 jackals
  6 kobolds
  A ball python (D:1)
  2 bats (D:1)
  4 frilled lizards (D:1)
  6 rats
52 creatures vanquished.

Notes
Turn   | Place    | Note
-------+----------+-------------------------------------------
     0 | D:1      | sankara the Ghoul Monk began the quest for the Orb.
     0 | D:1      | Reached XP level 1. HP: 19/19 MP: 0/0
   311 | D:1      | Reached XP level 2. HP: 23/26 MP: 1/1
   841 | D:1      | Reached XP level 3. HP: 31/31 MP: 2/2
  1664 | D:2      | Found a sparkling altar of Nemelex Xobeh.
  1986 | D:2      | Reached XP level 4. HP: 32/40 MP: 3/3
  1997 | D:2      | Reached skill level 1 in Armour
  2195 | D:3      | Found a glowing drain.
  2195 | D:3      | Noticed Sigmund
  2233 | D:3      | HP: 1/40 [something (5)]
  2238 | Sewer    | Entered a sewer
  2554 | Sewer    | Noticed a crocodile
  2570 | Sewer    | HP: 1/40 [crocodile (7)]
  2573 | Sewer    | Slain by a crocodile

Illustrated notes

Levels and vault maps discovered:
D:1:      dpeg_arrival_signposts, layout_basic
D:2:      layout_basic, marbit_many_paths
D:3:      layout_loops_ring, lemuel_round_altar, cheibrodos_sewer_entry_drain,
          grunt_ministairs_12, mrwooster_statue_mirror, item_on_display_b,
          uniq_sigmund
Sewer:    sewer_the_crocodile

Skill      XL: |  1  2  3  4 |
---------------+-------------+-----
Unarmed Combat | 4 |  4.5
Dodging        | 3 |  3.2
Armour         | 1 |  1.1
Fighting       | 4 |  4.0
Stealth        | |  2.1

Action                   |  1- 3 |  4- 6 || total
-------------------------+-------+-------++-------
Melee: Unarmed           |   109 |    75 ||   184
       Punch             |     2 |     1 ||     3
  Use: Potion            |       |     4 ||     4
  Eat: Chunk             |     3 |    22 ||    25
Armor: Robe              |     2 |       ||     2
       Ring mail         |    23 |    27 ||    50
Dodge: Dodged            |    67 |    63 ||   130
